Map: Para Site LE

Players

RomanArson

  • Race: Terran Terran
  • League: Gold
  • Spawn Location: 5:00

ghostdog - Winner!

  • Race: Protoss Protoss
  • League: Platinum
  • Spawn Location: 11:00

VOD

Have the link to the VOD?

Description

Time

  • Played on: Aug. 26, 2018, 8:20 a.m.
  • Length: 14:11
Show
View Real Time Build Order
Export as new Build Order

RomanArson Terran 

Build Orders: MMM Bio 

Get SALT Encoding   

  12  0:01  SCV  
  13  0:13  SCV  
  14  0:20  Supply Depot  
  14  0:25  SCV  
  15  0:33  Refinery  
  15  0:42  SCV  
  16  0:49  Barracks  
  16  0:54  SCV  
  17  1:08  SCV  
  18  1:20  Barracks  
  18  1:23  SCV  
  19  1:37  Orbital Command  
  20  1:40  Reaper  
  20  2:03  SCV  
  20  2:07  Command Center  
  21  2:11  Barracks Tech Lab  
  21  2:15  Barracks Reactor  
  21  2:18  SCV  
  22  2:25  Refinery  
  22  2:30  SCV  
  22  2:35  Marauder  
  24  2:57  Marine x2, SCV  
  29  2:58  Marauder  
  28  3:15  Marine x2  
  28  3:16  Stimpack  
  28  3:17  Factory  
  27  3:21  SCV  
  27  3:29  Marauder  
  27  3:32  SCV  
  27  3:33  Marine x2  
  32  3:35  SCV  
  32  3:51  Marine x2, Marauder  
  32  3:53  SCV  
  37  4:04  Cyclone  
  37  4:07  SCV  
  37  4:09  Marine x2  
  43  4:11  Refinery  
  43  4:14  Supply Depot  
  43  4:16  Marauder  
  45  4:23  Orbital Command  
  44  4:29  Marine x2  
  43  4:32  SCV  
  43  4:36  Cyclone  
  47  4:39  Marauder  
  49  4:50  SCV  
  49  4:51  Marine x2  
  52  4:53  SCV  
  49  5:08  SCV  
  49  5:10  Cyclone, Marine  
  54  5:17  Starport  
  54  5:18  Supply Depot  
  54  5:19  Marine, SCV, Marauder  
  54  5:20  Combat Shields  
  58  5:22  SCV  
  58  5:28  Marine  
  59  5:34  Refinery  
  60  5:37  Marine  
  60  5:41  SCV, Marauder  
  64  5:45  Engineering Bay  
  64  5:46  Marine  
  64  5:48  SCV  
  66  5:55  Marine  
  67  6:02  Factory Tech Lab  
  67  6:04  Marine, Marauder  
  70  6:14  Starport Tech Lab  
  70  6:20  Supply Depot, Marine  
  70  6:21  Marine, SCV  
  70  6:23  SCV  
  76  6:25  Marauder  
  76  6:32  Terran Infantry Weapons Level 1  
  76  6:34  SCV  
  76  6:38  Marine  
  66  6:56  Siege Tank  
  66  6:57  Marine x2  
  66  6:59  Viking  
  66  7:00  Marauder  
  68  7:02  SCV  
  60  7:09  SCV  
  60  7:11  Factory  
  60  7:15  Marine x2, SCV  
  58  7:20  Command Center  
  60  7:24  Barracks  
  60  7:25  SCV  
  60  7:30  Viking  
  60  7:33  Marine x2  
  60  7:35  Siege Tank  
  67  7:39  Marauder  
  69  7:46  SCV  
  69  7:51  Marine x2  
  71  7:56  Armory  
  71  7:58  Cyclone  
  75  7:59  SCV  
  75  8:03  Marauder  
  78  8:06  Supply Depot  
  78  8:08  Marine  
  78  8:09  Marine  
  78  8:10  Siege Tank  
  83  8:15  Viking  
  83  8:16  SCV  
  86  8:21  Barracks Tech Lab  
  86  8:28  Marine x2, SCV  
  86  8:32  Marauder  
  86  8:33  Factory Reactor  
  91  8:36  Orbital Command  
  91  8:43  Supply Depot  
  91  8:44  Terran Infantry Armor Level 1, Terran Vehicle And Ship Armor Level 1  
  91  8:47  Marine x2  
  91  8:48  Supply Depot  
  93  8:51  Siege Tank  
  96  8:56  Orbital Command  
  96  8:59  Viking  
  98  9:10  Factory  
  98  9:12  Barracks  
  98  9:15  Supply Depot  
  98  9:16  Marine  
  98  9:17  Marine  
  99  9:19  Marauder  
  62  9:53  Marine x2  
  62  9:54  Siege Tank  
  62  9:55  Cyclone  
  62  9:57  Cyclone  
  62  9:59  Marauder  
  72  10:00  Marauder  
  72  10:05  Barracks Reactor  
  72  10:06  Armory, Factory Reactor  
  72  10:10  SCV  
  72  10:11  Marine  
  74  10:18  Marine  
  74  10:21  Viking  
  77  10:22  SCV, Marauder  
  77  10:23  Marauder  
  77  10:26  Thor  
  77  10:27  Cyclone  
  91  10:28  Marine  
  91  10:29  SCV  
  91  10:33  Refinery  
  91  10:34  Refinery  
  64  10:52  Marine x2  
  64  10:53  Marine x2  
  64  10:54  Marauder  
  64  10:55  Marauder  
  64  10:56  Cyclone x2  
  67  11:10  Marine  
  67  11:11  Marine x2  
  43  11:20  Siege Tank  
  39  11:28  Hellion, Cyclone  
  40  11:37  Marine x2  
  40  11:38  Marauder x2  
  40  11:39  Marine x2  
  42  11:42  SCV  
  42  11:50  Hellion  
  39  11:54  Marine  
  39  11:57  Marine x2  
  39  11:58  Siege Tank  
  39  12:00  SCV  
  38  12:12  SCV  
  39  12:21  Marine x2  
  31  13:21  SCV  
  17  13:28  Command Center  
Show
View Real Time Build Order
Export as new Build Order

ghostdog Protoss - Winner!

Build Orders: Colossus Rush 

Get SALT Encoding   

  12  0:01  Probe  
  13  0:13  Probe  
  14  0:17  Pylon  
  14  0:25  Probe  
  15  0:36  Probe  
  15  0:38  Gateway  
  16  0:44  Probe  
  16  0:49  Assimilator  
  17  0:52  Probe  
  18  1:05  Gateway  
  18  1:08  Probe  
  19  1:20  Probe, Pylon  
  21  1:32  Probe, Cybernetics Core  
  20  1:44  Probe  
  21  1:51  Assimilator  
  21  1:59  Stalker x2  
  21  2:14  Probe  
  26  2:26  Probe  
  26  2:28  Stalker x2  
  31  2:32  Pylon  
  30  3:22  Nexus  
  30  3:24  Sentry, Zealot  
  32  3:29  Shield Battery  
  32  3:53  Shield Battery  
  32  3:57  Sentry, Zealot  
  32  4:00  Probe  
  37  4:07  Robotics Facility  
  37  4:12  Probe  
  38  4:24  Probe  
  39  4:34  Zealot x2  
  43  4:39  Probe  
  44  4:47  Pylon  
  44  4:51  Probe  
  44  4:52  Forge  
  45  4:58  Warp Gate  
  45  4:59  Robotics Bay  
  45  5:13  Zealot x2  
  45  5:22  Protoss Ground Weapons Level 1  
  49  5:32  Twilight Council  
  49  5:34  Probe  
  50  5:36  Probe  
  50  5:42  Colossus  
  51  5:45  Gateway  
  51  5:46  Probe  
  51  5:48  Probe  
  51  5:57  Extended Thermal Lance  
  59  6:03  Pylon  
  59  6:04  Probe  
  59  6:08  Probe  
  61  6:16  Probe  
  62  6:28  Probe  
  62  6:32  Colossus  
  63  6:35  Assimilator  
  69  6:47  Zealot, Pylon  
  69  6:49  Zealot  
  69  6:50  Zealot  
  55  7:26  Immortal  
  57  7:38  Sentry x2  
  57  7:42  Zealot  
  63  7:48  Charge  
  63  7:57  Gateway  
  63  7:58  Immortal  
  63  7:59  Gateway  
  63  8:02  Probe, Protoss Ground Armor Level 1  
  63  8:03  Gateway  
  63  8:04  Probe  
  69  8:06  Pylon  
  69  8:09  Pylon  
  69  8:11  Pylon  
  69  8:14  Probe  
  69  8:15  Zealot x3  
  69  8:16  Probe  
  77  8:27  Probe  
  78  8:36  Zealot  
  78  8:37  Zealot x2  
  78  8:39  Probe  
  85  8:41  Colossus  
  85  8:43  Assimilator  
  91  8:57  Stalker  
  91  8:58  Stalker  
  91  9:01  Zealot x2  
  91  9:02  Zealot  
  101  9:25  Pylon  
  101  9:27  Pylon  
  91  9:34  Stalker  
  91  9:35  Stalker x2  
  91  9:36  Stalker, Observer  
  88  9:57  Stalker x3  
  88  9:58  Stalker x2  
  92  10:23  Protoss Ground Weapons Level 2  
  92  10:26  Nexus  
  64  11:45  Probe  
  65  11:57  Probe  
  66  12:04  Stalker x3  
  66  12:05  Stalker x3  
  78  12:09  Probe  
  78  12:12  Colossus  
  85  12:17  Probe  
  85  12:21  Probe  
  87  12:29  Probe  
  88  12:31  Pylon  
  88  12:33  Probe  
  88  12:36  Photon Cannon  
  89  12:41  Probe  
  89  12:44  Pylon  
  90  12:45  Pylon  
  90  12:52  Templar Archives  
  90  12:58  Gateway  
  90  13:00  Gateway  
  90  13:04  Gateway  
  89  13:06  Gateway  
  83  13:16  Zealot  
  83  13:17  Zealot x2  
  83  13:18  Zealot x3  
  89  13:31  Forge  
  89  13:32  Forge  
  89  13:42  Nexus  
Tags
 
Composition
MMM Bio
Matchup
PvT
Spawn Locations
Cross Positions
Add a new tag
Caveats
  • Supply blocks, unpowered buildings, or Contaminate may cause inaccurate times.
  • Supply counts are checked every 10 seconds.